 Dungeon Crawl Stone Soup version 0.31-a0-981-geadf994542 (webtiles) character file.

Game seed: 2261102998416220338

153 jasper the Ruffian (level 5, -4/41 HPs)
             Began as a Demonspawn Berserker on Nov 1, 2023.
             Was a Believer of Trog.
             Killed from afar by Natasha (8 damage)
             ... with a magic dart
             ... on level 3 of the Dungeon.
             The game lasted 00:03:03 (1857 turns).

jasper the Ruffian (Demonspawn Berserker)           Turns: 1857, Time: 00:03:03

Health: -4/41      AC:  2    Str: 16 (17) XL:     5   Next: 12%
Magic:  5/5        EV: 12    Int:  5 (8)  God:    Trog [**....]
Gold:   94         SH:  0    Dex: 12 (15) Spells: 4/4 levels left

rFire   . .          .
                       - Unarmed
rCold   . . .        (no shield)
rNeg    . . .        a - +0 animal skin
rPois   .            (no helmet)
rElec   .            (no cloak)
rCorr   .            (no gloves)
SInv    .            (no boots)
Will    +++..        (no amulet)
Stlth   +            (no ring)
HPRegen 1.26/turn    (no ring)
MPRegen 0.09/turn

%: no passive effects
@: mighty, strong-willed (expiring), on berserk cooldown, enlightened, flying,
regenerating (expiring), slowed, very slow
A: demonic magic 1, demonic touch 1
a: Renounce Religion, Berserk, Trog's Hand


You were on level 3 of the Dungeon.
You worshipped Trog.
Trog was pleased with you.
You visited 1 branch of the dungeon, and saw 3 of its levels.

You collected 94 gold pieces.

Inventory:

Armour
 a - a +0 animal skin (worn)
Talismans
 j - a storm talisman
 k - a beast talisman
Scrolls
 b - a scroll of amnesia {unknown}
 g - a scroll of revelation {unknown}
 h - 2 scrolls of identify {unknown}
 i - a scroll of teleportation {unknown}
Potions
 c - a potion of enlightenment
 f - a potion of curing {unknown}


   Skills:
 - Level 3.5 Fighting
 - Level 1.7 Armour
 - Level 2.4 Dodging
 - Level 3.7 Unarmed Combat
 + Level 2.2 Shapeshifting


You had 4 spell levels left.
You didn't know any spells.
Your spell library was empty.

Dungeon Overview and Level Annotations

Branches:
Dungeon (3/15)

Altars:
Fedhas

Annotations:
D:3 Natasha


Innate Abilities, Weirdness & Mutations

Spells you cast may paralyse adjacent enemies.
Your touch may inflict minor irresistible damage on your foes.


Message History

Things that are here:
a +0 dagger; a +0 robe Natasha, Servant of Life and Death comes into view.
Natasha hisses angrily.
There is an open door, spattered with blood here.
Things that are here:
a +0 hand axe; an orc corpse Your skin crawls.
You feel strong-willed. Natasha closely misses you.
You regained 2 hp, and now have 13/41 hp.
You barely miss Natasha. Your touch misses Natasha. Natasha claws you!
* * * LOW HITPOINT WARNING * * *
Natasha claws you but does no damage.
You take 6 damage, and have 7/41 hp.
It was a potion of enlightenment.
You feel very buoyant.
You fly up into the air.
Natasha barely misses you.
You regained 2 hp, and now have 9/41 hp.
It was a potion of degeneration.
There was something very wrong with that liquid.
You feel weakened.
You feel dopey.
You feel clumsy.
You feel the effects of Trog's Hand fading.
Natasha claws you!
* * * LOW HITPOINT WARNING * * *
Natasha barely misses you.
You take 5 damage, and have 4/41 hp.
It was a potion of might.
You feel very mighty all of a sudden. Natasha claws you.
* * * LOW HITPOINT WARNING * * *
You take 2 damage, and have 2/41 hp.
Okay, then.
You hit Natasha.
Natasha is moderately wounded.
Natasha closely misses you. Natasha casts a spell at you.
The magic dart hits you!
You die...
Natasha begins licking her fur clean.

# ##+## .# ##...##
.# ##.....## #.#
##.......## ##..#
#.........####...##
+........@).).)...#
#..<....[h####...##
##.......## ##..#
##.....## #...
##...## ##.# ##'##
.# #.# # ... ##..#


You could see Natasha.

Vanquished Creatures
  An orc priest (D:3)
  Jessica (D:2)
  Natasha (D:3)
  An orc wizard (D:3)
  An adder (D:2)
  A worm (D:2)
  A dart slug (D:1)
  An orc (D:3)
  3 endoplasms
  A giant cockroach (D:1)
  4 goblins
  3 hobgoblins
  2 quokkas
  3 ball pythons (D:1)
  5 bats
  3 frilled lizards
  4 kobolds
  2 rats (D:1)
38 creatures vanquished.

Notes
Turn   | Place    | Note
-------+----------+-------------------------------------------
     0 | D:1      | jasper the Demonspawn Berserker began the quest for the
                  | Orb.
     0 | D:1      | Reached XP level 1. HP: 18/18 MP: 1/1
   200 | D:1      | Gained mutation: Spells you cast may paralyse adjacent
                  | enemies. [demonic ancestry]
   200 | D:1      | Reached XP level 2. HP: 20/24 MP: 2/2
   999 | D:2      | Reached ** piety under Trog
  1194 | D:2      | Noticed Jessica
  1204 | D:2      | Killed Jessica
  1205 | D:2      | Gained mutation: Your touch may inflict minor irresistible
                  | damage on your foes. [demonic ancestry]
  1205 | D:2      | Reached XP level 3. HP: 13/29 MP: 3/3
  1485 | D:2      | Found a blossoming altar of Fedhas.
  1515 | D:2      | Reached XP level 4. HP: 34/35 MP: 4/4
  1815 | D:3      | Noticed Natasha
  1825 | D:3      | Killed Natasha
  1826 | D:3      | Reached skill level 1 in Shapeshifting
  1842 | D:3      | Reached XP level 5. HP: 16/41 MP: 5/5
  1849 | D:3      | Noticed Natasha
  1856 | D:3      | HP: 2/41 [Natasha (3)]
  1857 | D:3      | Killed from afar by Natasha

Illustrated notes

Levels and vault maps discovered:
D:1:      evilmike_arrival_come_back, layout_basic,
          chequers_serial_rivers_large_a
D:2:      layout_loops_ring, basic_altar, uniq_jessica
D:3:      layout_loops_corners, dreamdust_ecumenical_altar_drowned_temple,
          grunt_ministairs_3, minmay_close_crescents, uniq_grinder,
          uniq_natasha, uniq_robin

Skill      XL: |  1  2  3  4 |
---------------+-------------+-----
Dodging        | 2 |  2.4
Unarmed Combat | 3 |  3.7
Shapeshifting  | 2 |  2.2
Fighting       | |  3.5
Armour         | |  1.7

Action                     |  1- 3 |  4- 6 || total
---------------------------+-------+-------++-------
  Melee: Unarmed           |    88 |    21 ||   109
         Punch             |     1 |     2 ||     3
         Touch             |     1 |     2 ||     3
 Invoke: Berserk           |       |     1 ||     1
         Trog's Hand       |       |     1 ||     1
    Use: Scroll            |     2 |       ||     2
         Potion            |       |     3 ||     3
   Stab: Sleeping          |     2 |       ||     2
 Armour: Animal skin       |    54 |    13 ||    67
  Dodge: Dodged            |    49 |    10 ||    59

Table legend: (Time is in decaauts)
 A = Elapsed time spent in this place.
 B = Non-inter-level travel time spent in this place.
 C = Inter-level travel time spent in this place.
 D = Time resting spent in this place.
 E = Time spent auto-exploring this place.
 F = Levels seen in this place.
 G = Mean time per level.
                   A        B        C        D        E       F      G
               +--------+--------+--------+--------+--------+-----+--------+
         Total |   1862 |   1820 |     42 |      4 |   1455 |   3 |  620.7 |
       Dungeon |   1862 |   1820 |     42 |      4 |   1455 |   3 |  620.7 |
               +--------+--------+--------+--------+--------+-----+--------+

Top non-repeatable levels by time:
     D:1: 992 daAuts
     D:2: 815 daAuts
     D:3: 54 daAuts
